 Dungeon Crawl Stone Soup version 0.21-a0-625-g1119ec1 (webtiles) character file.

101112 TheGoonsmith the Fencer (level 16, -5/122 HPs)
             Began as a Barachi Fighter on Dec 24, 2017.
             Was the Champion of Hepliaklqana.
             Slain by a shock serpent (10 damage)
             ... on level 2 of the Snake Pit.
             The game lasted 01:08:59 (28696 turns).

TheGoonsmith the Fencer (Barachi Fighter)          Turns: 28696, Time: 01:09:00

Health: -5/122     AC: 25    Str: 23    XL:     16   Next: 29%
Magic:  0/27       EV: 16    Int: 12    God:    Hepliaklqana [******]
Gold:   479        SH:  0    Dex: 13    Spells: 11/15 levels left

rFire    + . .     SeeInvis .   X - +9 great sword
rCold    . . .     Gourm    .   (shield currently unavailable)
rNeg     . . .     Faith    .   O - +0 chain mail
rPois    +         Spirit   +   d - +2 helmet {Int+3}
rElec    .         Reflect  .   E - +2 cloak {rPois}
rCorr    .         Harm     .   R - +2 pair of gloves
MR       +....                  w - +0 pair of boots
Stlth    ..........             j - amulet of guardian spirit
HPRegen  0.30/turn              e - ring of protection from fire
MPRegen  0.20/turn              U - +5 ring of evasion

@: held, slow
A: +LOS, swims, reduced essence, slowness 1, strong legs 2
a: Hop, Recall Ancestor, Ancestor Identity, Transference, Idealise, Renounce
Religion


You were on level 2 of the Snake Pit.
You worshipped Hepliaklqana.
Hepliaklqana was exalted by your worship.
You were near starving.

You visited 5 branches of the dungeon, and saw 25 of its levels.
You also visited: Bailey.

You collected 2864 gold pieces.
You spent 2385 gold pieces at shops.

Inventory:

Hand Weapons
 b - a +2 falchion of flaming
 X - a +9 great sword (weapon)
Missiles
 c - 53 tomahawks of returning (quivered)
Armour
 d - a +2 helmet of intelligence (worn)
 w - a +0 pair of boots (worn)
 E - a +2 cloak of poison resistance (worn)
 O - a +0 chain mail (worn)
 R - a +2 pair of gloves (worn)
Jewellery
 e - a ring of protection from fire (left hand)
 j - an amulet of guardian spirit (around neck)
 s - an uncursed ring of poison resistance {unknown}
 u - an uncursed ring of wizardry
 y - an uncursed ring of resist corrosion
 U - a +5 ring of evasion (right hand)
Wands
 h - a wand of paralysis (15)
 i - a wand of polymorph (21)
 D - a wand of clouds (11)
 S - a wand of enslavement (6)
 T - a wand of random effects (20)
 V - a wand of digging (13)
 W - a wand of disintegration (16)
Scrolls
 l - 2 scrolls of enchant weapon
 m - 10 scrolls of remove curse
 n - 5 scrolls of blinking
 r - 5 scrolls of identify
 x - 13 scrolls of teleportation
 H - 2 scrolls of magic mapping
 J - 5 scrolls of fog
 K - 3 scrolls of amnesia
Potions
 a - a potion of berserk rage
 p - 3 potions of mutation
 t - 4 potions of cancellation
 v - 4 potions of resistance
 z - 3 potions of agility
 A - 8 potions of curing
 B - 3 potions of haste
 C - a potion of magic
 F - 4 potions of ambrosia
 G - a potion of flight
 I - 3 potions of invisibility
 L - 3 potions of heal wounds
 M - 5 potions of brilliance
 N - 2 potions of might
Books
 k - the Incunabulum of the Invisible Planets
   (You found it on level 11 of the Dungeon)

   Spells                             Type                      Level
   a - Sublimation of Blood           Necromancy                   2
   b - Animate Dead                   Necromancy                   4
   c - Borgnjor's Vile Clutch         Necromancy/Earth             5
   d - Iron Shot                      Conjuration/Earth            6
 q - a book of the Earth

   Spells                             Type                      Level
   a - Leda's Liquefaction            Hexes/Earth                  4
   b - Bolt of Magma                  Conjuration/Fire/Earth       5
   c - Statue Form                    Transmutation/Earth          6
   d - Iron Shot                      Conjuration/Earth            6
   e - Shatter                        Earth                        9
Miscellaneous
 g - 2 boxes of beasts
 P - a lightning rod (4/4)
 Q - a lamp of fire
 Y - a sack of spiders
Comestibles
 f - 39 rations


   Skills:
 - Level 15.0 Fighting
 * Level 15.3 Long Blades
 + Level 13.4 Armour
 - Level 11.0 Dodging
   Level 4.0 Shields
 - Level 8.0 Invocations
 + Level 15.0 Evocations


You had 11 spell levels left.
You knew the following spells:

 Your Spells              Type           Power        Failure   Level  Hunger
a - Blink                 Tloc           N/A          94%         2    ###....
b - Song of Slaying       Chrm           #.......     94%         2    ###....


Dungeon Overview and Level Annotations

Branches:
Dungeon (14/15)            Temple (1/1) D:5            Lair (6/6) D:10
 Shoals (0/4) Lair:4        Snake (2/4) Lair:4        Slime (0/5) Lair:6
    Orc (2/2) D:10            Elf (0/3) Orc:2        Vaults (0/5) D:13

Altars:
Ashenzari
Cheibriados
Dithmenos
Elyvilon
Fedhas
Gozag
Hepliaklqana
Kikubaaqudgha
Makhleb
Nemelex Xobeh
Okawaru
Qazlal
Ru
Sif Muna
Trog
Uskayaw
Vehumet
Wu Jian
Xom
Yredelemnul
Zin
The Shining One
Beogh

Shops:
D:4 (   D:8 %:(*   D:9 %   D:11 :   D:13 :   Orc:2 *}*}   Snake:1 ==}

Annotations:
D:5 1 runed door
D:7 Caerwyn's ghost, novice GnIE


Innate Abilities, Weirdness & Mutations

Shadows flee at your approach. (+LOS)
You can swim through water.
You cover ground slowly.
You can hop long distances.
Your life essence is reduced to manifest your ancestor. (-10% HP)


Message History

The naga warrior hits you with a long sword!
* * * LOW HITPOINT WARNING * * *
x2 The naga warrior constricts you.
The naga ritualist is struck by lightning.
You kill the naga ritualist!
You slash the naga warrior!
The naga warrior is almost dead.
The black mamba closely misses you. x2
A naga sharpshooter comes into view. It is wielding a trident.
Unknown command.
Blink to where?
Press: ? - help, Dir - move target cursor, f - you
Okay, then.
Hop to where?
Press: ? - help, Dir - move target cursor The naga warrior's grasp on you weakens, but your attempt to escape fails.
The shock serpent bites you!
* * * LOW HITPOINT WARNING * * *
The shock serpent shocks you!
You die...

#.## ...##
...# .S.##
#...# #.§§#
#######§§§#
#..#...†S§§§§#
#...NS@N§§..#
##N######...#
#.### ###


You could see a naga warrior, a naga sharpshooter, a shock serpent, a black
mamba and a naga mage.

Vanquished Creatures
  An orc warlord (Orc:1)
  2 centaur warriors
  5 anacondas
  The ghost of Spazmo the Thaumaturge, a journeyman DEFE of Vehumet (D:11)
  A two-headed ogre (D:10)
  4 hydras
  4 orc high priests
  A fire crab (Lair:6)
  2 naga ritualists
  2 mana vipers
  4 orc knights
  An ugly thing (D:12)
  2 wolf spider zombies
  4 orc sorcerers
  A deep elf mage (D:11)
  A necromancer (D:13)
  2 oklob plants (Lair:1)
  A cyclops (Orc:1)
  2 salamanders (Snake:1)
  9 elephants
  14 black mambas
  A molten gargoyle (D:12)
  5 spiny frogs
  A rime drake (Lair:2)
  3 komodo dragons
  A freezing wraith (D:14)
  The ghost of FivePercentEmpty the Cudgeler, a novice GrFi (D:3)
  2 trolls
  3 red devils (D:14)
  A queen bee (Lair:3)
  7 hornets
  3 polar bears
  8 slime creatures
  9 blink frogs
  4 hippogriffs
  A shadow (D:13)
  11 spriggans (Lair:6)
  3 wyverns
  21 yaks
  3 fire elementals (D:11)
  2 hungry ghosts
  3 vampire mosquitoes (D:14)
  5 nagas
  14 soldier ants (Lair:5)
  5 wargs
  8 water moccasins
  2 hell hounds (D:10)
  3 porcupines
  14 orc warriors
  2 black bears
  A hornet zombie (D:10)
  4 sky beasts
  31 wolves
  A boggart (Lair:6)
  2 necrophages
  9 ogres
  15 centaurs
  8 crocodiles
  A big kobold (D:12)
  2 elf zombies (D:10)
  8 bullfrogs
  A wyvern zombie (D:10)
  A wyvern skeleton (D:7)
  A scorpion (D:5)
  25 killer bees
  10 wights
  5 howler monkeys
  2 electric eels (D:12)
  2 centaur zombies
  5 crimson imps
  2 lava snakes (D:12)
  2 human zombies (D:10)
  A centaur skeleton (D:4)
  5 hounds
  Crazy Yiuf (D:6)
  2 bullfrog skeletons
  A bullfrog zombie (D:10)
  7 orc priests
  3 jellies
  Jessica (D:2)
  An iguana (D:7)
  2 human skeletons (D:10)
  19 orc wizards
  2 hell rats (Lair:1)
  24 worker ants
  An ogre zombie (D:10)
  3 mummies (D:10)
  A howler monkey zombie (D:8)
  A worker ant zombie (D:8)
  Robin (D:3)
  7 adders
  7 gnolls
  A river rat (Lair:1)
  A shadow imp (D:6)
  A dart slug (D:2)
  4 leopard geckos
  46 orcs
  7 giant cockroaches
  16 goblins
  8 hobgoblins
  5 jackals
  15 kobolds
  2 quokkas
  2 frilled lizards (D:2)
  A giant cockroach zombie (D:6)
  A jackal skeleton (D:4)
  A quokka skeleton (D:4)
  13 rats
  A bush (Lair:3)
  A fungus (D:6)
  A plant (Lair:1)
565 creatures vanquished.

Vanquished Creatures (collateral kills)
  Aizul (Snake:1)
  2 entropy weavers (Lair:5)
  3 hydras
  A naga warrior (Snake:1)
  2 anacondas (Snake:1)
  A catoblepas (Lair:6)
  4 two-headed ogres
  2 death yaks (Lair:5)
  2 naga sharpshooters (Snake:1)
  A queen ant (Lair:5)
  2 wizards
  An orc knight (Orc:1)
  An orc sorcerer (Orc:1)
  An ugly thing (D:11)
  A deep elf mage (D:11)
  3 oklob plants
  A cyclops (D:12)
  An elephant (Lair:6)
  A centaur zombie (D:7)
  A molten gargoyle (D:12)
  2 torpor snails
  3 spiny frogs
  2 rime drakes (Lair:6)
  2 komodo dragons (Lair:2)
  2 efreet (D:14)
  A red devil (D:14)
  3 trolls
  4 slime creatures
  2 blink frogs (Lair:4)
  6 hippogriffs
  5 spriggans
  2 wraiths
  16 yaks
  A wyvern (D:13)
  A vampire mosquito (D:14)
  A hungry ghost (D:13)
  2 wargs
  Duvessa (D:4)
  An acid dragon (D:12)
  4 water moccasins
  2 nagas (Snake:1)
  13 soldier ants
  A porcupine (Lair:3)
  2 sky beasts (D:13)
  11 orc warriors
  2 black bears (Lair:6)
  2 ogres
  2 phantoms
  3 boggarts (Lair:6)
  An eye of draining (D:13)
  18 wolves
  4 centaurs
  4 crocodiles
  A big kobold (D:8)
  8 bullfrogs
  2 scorpions
  A wyvern skeleton (D:10)
  Dowan (D:4)
  5 killer bees
  7 wights
  A howler monkey (D:5)
  A bullfrog zombie (D:7)
  4 crimson imps
  3 lava snakes (D:12)
  A hound (D:7)
  A human zombie (D:10)
  A bullfrog skeleton (D:12)
  2 jellies
  A quasit (D:6)
  4 centaur skeletons
  7 orc priests
  12 orc wizards
  A gnoll shaman (D:4)
  A human skeleton (D:10)
  An iguana (D:12)
  A hell rat (Lair:1)
  13 worker ants
  4 adders
  8 gnolls
  4 river rats (Lair:1)
  2 shadow imps
  An adder zombie (D:5)
  2 leopard geckos
  27 orcs
  2 giant cockroaches
  A goblin (D:3)
  2 hobgoblins (Bailey)
  7 kobolds
  A rat (Lair:1)
  A butterfly (D:5)
  A fungus (Lair:5)
  A plant (Lair:1)
302 creatures vanquished.

Vanquished Creatures (others)
  A wizard (D:11)
  An orc priest (Orc:2)
  27 battlemagi
  A bush (Lair:3)
  9 fungi
  11 plants
50 creatures vanquished.

Grand Total: 917 creatures vanquished

Notes
Turn   | Place    | Note
-------+----------+-------------------------------------------
     0 | D:1      | TheGoonsmith the Barachi Fighter began the quest for the Orb.
     0 | D:1      | Reached XP level 1. HP: 18/18 MP: 1/1
   632 | D:1      | Reached XP level 2. HP: 25/25 MP: 2/2
   819 | D:2      | Noticed Jessica
   826 | D:2      | Killed Jessica
   826 | D:2      | Reached XP level 3. HP: 3/31 MP: 3/3
  1184 | D:2      | Found a hazy altar of Hepliaklqana.
  1186 | D:2      | Found a glowing silver altar of Zin.
  1187 | D:2      | Found a glowing golden altar of the Shining One.
  1197 | D:2      | Reached XP level 4. HP: 32/38 MP: 4/4
  1229 | D:2      | Became a worshipper of Hepliaklqana the Forgotten
  1283 | D:2      | You fall through a shaft for 2 floors!
  1305 | D:3      | Noticed FivePercentEmpty's ghost (novice GrFi)
  1312 | D:3      | Killed FivePercentEmpty's ghost
  1312 | D:3      | Reached skill level 5 in Fighting
  1312 | D:3      | Reached skill level 5 in Armour
  1312 | D:3      | Reached XP level 5. HP: 40/40 MP: 5/5
  1312 | D:3      | Reached XP level 6. HP: 45/45 MP: 6/6
  1348 | D:3      | Noticed Robin
  1357 | D:3      | Reached skill level 5 in Long Blades
  1410 | D:3      | Killed Robin
  1982 | D:3      | Reached * piety under Hepliaklqana
  2138 | D:3      | Found a deep blue altar of Sif Muna.
  2138 | D:3      | Found an ancient bone altar of Kikubaaqudgha.
  2145 | D:3      | Found a radiant altar of Vehumet.
  2149 | D:3      | Identified Vehumet's Papyrus of Confrontation
  2432 | D:4      | Reached XP level 7. HP: 46/52 MP: 5/7
  2702 | D:4      | Noticed Duvessa
  2703 | D:4      | Noticed Dowan
  2716 | D:4      | Killed Dowan
  2730 | D:4      | Killed Duvessa
  2943 | D:4      | Found a bloodstained altar of Trog.
  3116 | D:4      | Found an opulent altar of Gozag.
  3184 | D:4      | Reached ** piety under Hepliaklqana
  3185 | D:4      | Remembered your ancestor Simosihle as a battlemage
  3234 | D:4      | Reached XP level 8. HP: 56/57 MP: 8/8
  3256 | D:4      | Reached skill level 1 in Dodging
  3452 | D:4      | Found Qoedoseu's Antique Weapon Shop.
  3455 | D:4      | Bought a runed scimitar for 161 gold pieces
  3499 | D:5      | Entered Level 5 of the Dungeon
  3502 | D:5      | Found a burning altar of Makhleb.
  3541 | D:5      | Found a runed door.
  3712 | D:5      | Found a staircase to the Ecumenical Temple.
  3730 | Temple   | Entered the Ecumenical Temple
  4195 | D:5      | Found a runed door.
  4318 | D:5      | Reached skill level 10 in Long Blades
  4324 | D:5      | Reached XP level 9. HP: 56/62 MP: 9/9
  4418 | D:6      | Reached *** piety under Hepliaklqana
  5316 | D:6      | Found a runed door.
  5320 | D:6      | Noticed Crazy Yiuf
  5323 | D:6      | Killed Crazy Yiuf
  5405 | D:7      | Found a shattered altar of Ashenzari.
  5405 | D:7      | Noticed Caerwyn's ghost (novice GnIE)
  5682 | D:7      | Reached **** piety under Hepliaklqana
  5936 | D:7      | Reached XP level 10. HP: 68/68 MP: 10/10
  6418 | D:8      | Found an opulent altar of Gozag.
  6454 | D:8      | Found Hucaluh's Book Boutique.
  6515 | D:8      | Found a sparkling altar of Nemelex Xobeh.
  6541 | D:8      | Found Becomoy's Assorted Antiques.
  6546 | D:8      | Bought a scroll labeled ECLEZX HUOSTO for 29 gold pieces
  6546 | D:8      | Bought a fizzy yellow potion for 26 gold pieces
  6546 | D:8      | Bought 2 ruby potions for 52 gold pieces
  6546 | D:8      | Bought a scroll labeled BEITIU WIWOES for 29 gold pieces
  6647 | D:8      | Found Gadghil's Food Shoppe.
  7166 | D:8      | Found Zunt's Weapon Shoppe.
  7351 | D:9      | Found Ryenorobu's Food Emporium.
  7457 | D:9      | Reached ***** piety under Hepliaklqana
  7851 | D:10     | Entered Level 10 of the Dungeon
  7891 | D:10     | Found a flagged portal.
  7895 | D:10     | Found a staircase to the Orcish Mines.
  7900 | Bailey   | Entered a bailey
  7921 | Bailey   | Noticed an orc knight
  7948 | Bailey   | Killed an orc knight
  7948 | Bailey   | Reached skill level 10 in Fighting
  8413 | D:10     | Reached skill level 5 in Dodging
  8425 | D:10     | Reached XP level 11. HP: 81/82 MP: 11/11
  8619 | D:10     | Found an ancient bone altar of Kikubaaqudgha.
  8709 | D:10     | Found a staircase to the Lair.
  8724 | D:10     | Noticed a two-headed ogre
  8732 | D:10     | Killed a two-headed ogre
  8991 | D:10     | Found a white marble altar of Elyvilon.
  9240 | Lair:1   | Entered Level 1 of the Lair of Beasts
  9241 | Lair:1   | Upgraded the game from 0.21-a0-624-g16f8e2c to 0.21-a0-625-g1119ec1
  9663 | Lair:1   | Reached skill level 10 in Armour
  9683 | Lair:1   | Noticed an oklob plant
  9686 | Lair:1   | Noticed an oklob plant
  9689 | Lair:1   | Noticed an oklob plant
  9824 | Lair:1   | Killed an oklob plant
 10050 | Lair:1   | Killed an oklob plant
 10050 | Lair:1   | Reached XP level 12. HP: 82/88 MP: 11/14
 10254 | Lair:1   | Reached skill level 5 in Evocations
 11004 | Lair:2   | Reached ****** piety under Hepliaklqana
 11682 | Lair:3   | Noticed a seven-headed hydra
 12035 | Lair:3   | Reached skill level 1 in Invocations
 12540 | Lair:3   | Killed a seven-headed hydra
 12947 | Lair:4   | Found a staircase to the Snake Pit.
 13322 | Lair:4   | Found a staircase to the Shoals.
 13827 | Lair:4   | Reached skill level 10 in Evocations
 14036 | Lair:5   | Reached skill level 5 in Invocations
 14036 | Lair:5   | Gained mutation: You can hop long distances. [Barachi growth]
 14036 | Lair:5   | Reached XP level 13. HP: 83/93 MP: 16/20
 14138 | Lair:5   | Noticed an entropy weaver
 14154 | Lair:5   | Noticed an entropy weaver
 14542 | Lair:5   | Killed an entropy weaver
 14658 | Lair:5   | Killed an entropy weaver
 15707 | Lair:6   | Entered Level 6 of the Lair of Beasts
 15812 | Lair:6   | Reached skill level 10 in Dodging
 16892 | Lair:5   | Reached XP level 14. HP: 60/103 MP: 15/22
 18393 | Lair:6   | Found a staircase to the Slime Pits.
 18864 | Lair:1   | Learned a level 2 spell: Blink
 18867 | Lair:1   | Learned a level 2 spell: Song of Slaying
 18917 | D:11     | Found Qoromiod's Book Emporium.
 18919 | D:11     | Noticed Spazmo's ghost (journeyman DEFE)
 18928 | D:11     | Killed Spazmo's ghost
 19380 | Orc:1    | Entered Level 1 of the Orcish Mines
 19878 | Orc:2    | Entered Level 2 of the Orcish Mines
 19888 | Orc:2    | Found an iron altar of Okawaru.
 20133 | Orc:2    | Found a staircase to the Elven Halls.
 20388 | Orc:2    | Found a roughly hewn altar of Beogh.
 20452 | Orc:2    | Noticed an orc warlord
 20455 | Orc:2    | Paralysed by an orc sorcerer for 6 turns
 20843 | Orc:2    | Paralysed by an orc sorcerer for 6 turns
 21120 | Orc:1    | Killed an orc warlord
 21507 | Orc:2    | Reached XP level 15. HP: 87/114 MP: 15/24
 22387 | Orc:2    | Reached skill level 15 in Fighting
 23043 | Orc:2    | Found Lacuocol's Assorted Antiques.
 23043 | Orc:2    | Found Taqipp's Gadget Shoppe.
 23045 | Orc:2    | Found Filahet's Assorted Antiques.
 23045 | Orc:2    | Found Rocuf's Gadget Shoppe.
 23052 | Orc:2    | Bought a scroll labeled NUT BUMIAM for 29 gold pieces
 23052 | Orc:2    | Bought a green potion for 26 gold pieces
 23054 | Orc:2    | Bought a scroll labeled TATETS AKKOX for 34 gold pieces
 23054 | Orc:2    | Bought a green potion for 30 gold pieces
 23360 | Orc:2    | Bought a lightning rod (4/4) for 560 gold pieces
 23360 | Orc:2    | Bought a lamp of fire for 560 gold pieces
 23362 | Orc:2    | Bought a box of beasts for 280 gold pieces
 23365 | Orc:2    | Bought a great sword for 221 gold pieces
 23386 | Orc:2    | Bought a wand of clouds (5) for 348 gold pieces
 23828 | D:11     | Identified the Incunabulum of the Invisible Planets
 25807 | D:13     | Found Zuodonwu's Book Emporium.
 25956 | D:13     | Found a gate to the Vaults.
 26109 | D:13     | Found a sacrificial altar of Ru.
 27122 | D:14     | Found a deep blue altar of Sif Muna.
 27377 | Snake:1  | Entered Level 1 of the Snake Pit
 27427 | Snake:1  | Noticed Aizul
 27435 | Snake:1  | Killed Aizul
 27458 | Snake:1  | Reached XP level 16. HP: 59/122 MP: 19/27
 27844 | Snake:1  | Found Qisuogh's Jewellery Emporium.
 27846 | Snake:1  | Found Ykkuucoa's Gadget Boutique.
 27847 | Snake:1  | Found Yhus's Jewellery Emporium.
 28239 | Snake:1  | Reached skill level 15 in Long Blades
 28682 | Snake:2  | Reached skill level 15 in Evocations
 28691 | Snake:2  | HP: 5/122 [black mamba (11)]
 28696 | Snake:2  | HP: 5/122 [shock serpent (11)]
 28696 | Snake:2  | Slain by a shock serpent

Vault maps used:
D:1:      dpeg_arrival_rhombi, serial_curves, eino_curves_02, eino_curves_03,
          eino_curves_04, eino_curves_03, minivault_4
D:2:      grunt_temple_overflow_open, eino_tiny_chamber, uniq_jessica
D:3:      grunt_temple_overflow_magic_moments, uniq_robin
D:4:      marbit_many_paths, kennysheep_little_box, first_ration, serial_shops,
          nicolae_shop_behind_doors, uniq_duvessa
D:5:      lemuel_insect_pit, lemuel_round_altar, minmay_temple_entry_glass,
          hangedman_decor_riveting
D:6:      lemuel_ice_spiral_2, minmay_parallelograms, minmay_misc_feat_plants,
          uniq_crazy_yiuf_cottage
D:7:      nicolae_overflow_hidden_temple, the_bakery, minmay_misc_feat_tiny,
          grunt_ministairs_4
D:8:      serial_shops, nicolae_shop_stone, nicolae_shop_stone, shop,
          kennysheep_mini_moat, basic_altar, grunt_gozag_statues
D:9:      serial_shops, shop, minmay_misc_feat_iff
D:10:     kennysheep_ambush_hall, minmay_lair_entry_lava, basic_altar,
          enter_bailey_2, grunt_decor_resistance,
          lemuel_mausoleum_altar_kikubaaqudgha
D:11:     cheibrodos_lost_city_excavation, serial_glass, glass_columns_b,
          glass_columns_b, serial_shops, shop
D:12:     cheibrodos_magma_flow, kennysheep_generic_room_2
D:13:     david_vaults_1, serial_shops, shop, nicolae_ru_path_of_blood
D:14:     corexii_corridor_pit, basic_altar, einodemon_armed_red_devil_minivault
Temple:   minmay_temple_bridge_abc
Lair:1:   kennysheep_abandoned_house, grunt_megastairs_2,
          minmay_lair_oklob_chamber, serial_bayou_shore_b
Lair:3:   minmay_lair_oklob_bushes, nicolae_quartered_pool_medium,
          infiniplex_staircase_pool
Lair:4:   elwin_shoals_entry_rocks, guppyfry_snake_entry_garden
Lair:5:   st_stairs_5, minivault_29, grunt_megastairs_1, serial_bayou_shore_b,
          lemuel_fruit_fields
Lair:6:   minmay_lair_end_enchanted_forest, minmay_slime_entry_pillars,
          grunt_forest_large_clearings, grunt_megastairs_5
Snake:1:  minmay_shop_grove, uniq_aizul
Orc:2:    grunt_orc_tribal_feast, basic_altar, okawaru_metal_pillars_1_2
Bailey:   bailey_axe_1, bailey

Skill      XL: |  1  2  3  4  5  6  7  8  9 10 11 12 13 14 15 16 |
---------------+-------------------------------------------------+-----
Fighting       | 4 5 6 10 12 14 15 | 15.0
Long Blades    | 3 4 5 7 10 13 14 15 | 15.3
Armour         | 4 5 6 10 11 12 13 | 13.4
Shields        | 4 |  4.0
Dodging        | 4 5 9 10 11 | 11.0
Evocations     | 3 10 11 12 14 15 | 15.0
Invocations    | 5 8 |  8.0

Action                   |  1- 3 |  4- 6 |  7- 9 | 10-12 | 13-15 | 16-18 || total
-------------------------+-------+-------+-------+-------+-------+-------++-------
Melee: Long sword        |    62 |   104 |   116 |       |       |       ||   282
       Scimitar          |       |       |   216 |   870 |  1615 |       ||  2701
       Great sword       |       |       |       |       |    61 |   101 ||   162
Invok: Ancestor Life: Ba |       |       |     1 |       |       |       ||     1
       Recall Ancestor   |       |       |     1 |       |     3 |       ||     4
       Idealise          |       |       |       |       |     1 |       ||     1
 Abil: Hop               |       |       |       |       |     7 |     1 ||     8
Evoke: Wand              |       |       |     3 |     3 |    31 |     1 ||    38
       Sack of spiders   |       |       |       |       |     1 |       ||     1
  Use: Potion            |     1 |     1 |       |     2 |     1 |     4 ||     9
       Scroll            |       |     3 |    10 |    15 |    12 |       ||    40
 Stab: Distracted        |       |       |     1 |    10 |    17 |     1 ||    29
  Eat: Chunk             |     1 |     4 |    10 |    16 |    31 |       ||    62
       Ration            |       |       |     2 |     4 |     5 |     1 ||    12
Armor: Chain mail        |    40 |    76 |   190 |   332 |   952 |    76 ||  1666
Dodge: Dodged            |    15 |    27 |    87 |   329 |  1066 |   106 ||  1630
Block: Shield            |    18 |    42 |    29 |       |       |       ||    89
       Buckler           |       |       |    48 |   216 |   468 |       ||   732
       Rpst.: Long sword |     2 |    13 |     5 |       |       |       ||    20
       Scimitar          |       |       |    18 |   106 |   266 |       ||   390
       Great sword       |       |       |       |       |    21 |    17 ||    38

Table legend:
 A = Spawn XP
 B = Non-spawn XP
 C = Spawn XP percentage of total XP
 D = Spawn monster count
 E = Non-spawn monster count
 F = Spawn count percentage of total count
 G = Total turns spent on level
                    A         B        C        D         E        F      G
               +---------+---------+-------+---------+---------+-------+---------
         Total |       0 |  144446 |   0.0 |       0 |     862 |   0.0 | 28696
               +---------+---------+-------+---------+---------+-------+---------
           D:1 |       0 |      13 |   0.0 |       0 |       8 |   0.0 |   776
           D:2 |       0 |      71 |   0.0 |       0 |       7 |   0.0 |   642
           D:3 |       0 |     498 |   0.0 |       0 |      34 |   0.0 |   988
           D:4 |       0 |     745 |   0.0 |       0 |      31 |   0.0 |  1098
           D:5 |       0 |    1124 |   0.0 |       0 |      30 |   0.0 |   738
           D:6 |       0 |     693 |   0.0 |       0 |      19 |   0.0 |  1015
           D:7 |       0 |    1918 |   0.0 |       0 |      27 |   0.0 |  1025
           D:8 |       0 |    1517 |   0.0 |       0 |      34 |   0.0 |   827
           D:9 |       0 |     929 |   0.0 |       0 |      12 |   0.0 |   619
          D:10 |       0 |    5237 |   0.0 |       0 |      51 |   0.0 |  1748
          D:11 |       0 |    6513 |   0.0 |       0 |      30 |   0.0 |   768
          D:12 |       0 |   11595 |   0.0 |       0 |      61 |   0.0 |  1472
          D:13 |       0 |    6799 |   0.0 |       0 |      28 |   0.0 |   550
          D:14 |       0 |    8956 |   0.0 |       0 |      38 |   0.0 |  1081
        Lair:1 |       0 |    5842 |   0.0 |       0 |      37 |   0.0 |  1182
        Lair:2 |       0 |    3155 |   0.0 |       0 |      15 |   0.0 |  1333
        Lair:3 |       0 |    5054 |   0.0 |       0 |      36 |   0.0 |  1020
        Lair:4 |       0 |    3983 |   0.0 |       0 |      17 |   0.0 |  1676
        Lair:5 |       0 |   14771 |   0.0 |       0 |      71 |   0.0 |  2676
        Lair:6 |       0 |   27693 |   0.0 |       0 |     115 |   0.0 |  1839
       Snake:1 |       0 |   15509 |   0.0 |       0 |      26 |   0.0 |  1046
       Snake:2 |       0 |    4646 |   0.0 |       0 |       8 |   0.0 |    45
         Orc:1 |       0 |    8484 |   0.0 |       0 |      45 |   0.0 |  2761
         Orc:2 |       0 |    7632 |   0.0 |       0 |      50 |   0.0 |  1290
        Bailey |       0 |    1069 |   0.0 |       0 |      32 |   0.0 |   358
               +---------+---------+-------+---------+---------+-------+---------
